 Dungeon Crawl Stone Soup version 0.22.1-2-g9c5b331383 (webtiles) character file.

130465 Tragic the Reanimator (level 16, -25/132 HPs)
             Began as a Demigod Necromancer on Nov 18, 2018.
             Annihilated by a shambling mangrove (33 damage)
             ... on level 2 of the Swamp.
             The game lasted 03:37:39 (29856 turns).

Tragic the Reanimator (Demigod Necromancer)        Turns: 29856, Time: 03:37:39

Health: -25/132    AC: 15    Str: 15    XL:     16   Next: 5%
Magic:  4/32       EV: 11    Int: 30    God:
Gold:   1119       SH: 13    Dex: 27    Spells: 9/31 levels left

rFire    + . .     SeeInvis .   S - +10 mace of the Mouth {protect, rN+ Int+6 Dex+5 Stlth-}
rCold    + + .     Gourm    .   U - +0 shield
rNeg     + . .     Faith    +   e - +1 leather armour {rPois}
rPois    +         Spirit   .   F - +1 helmet
rElec    .         Reflect  .   O - +2 cloak {rC+}
rCorr    .         Harm     .   d - +2 pair of gloves of Honour {MR+ Int+3}
MR       ++...                  l - +0 pair of boots {run}
Stlth    ++........             V - amulet "Jeaj" {Faith Dex+2}
HPRegen  1.32/turn              w - ring of protection from fire
MPRegen  0.23/turn              B - ring of protection from cold

@: lethally poisoned (-25 -> -25), about to teleport, grasped by roots,
regenerating, slow
A: high mp 1
a: no special abilities


You were on level 2 of the Swamp.
You were hungry.

You visited 5 branches of the dungeon, and saw 26 of its levels.
You also visited: Ice Cave.

You collected 2580 gold pieces.
You spent 1461 gold pieces at shops.

Inventory:

Hand Weapons
 S - the +10 mace of the Mouth (weapon) {protect, rN+ Int+6 Dex+5 Stlth-}
   (You found it on level 7 of the Dungeon)

   It protects the one who uses it against injury (+AC on strike).
   It affects your intelligence (+6).
   It affects your dexterity (+5).
   It protects you from negative energy.
   It makes you less stealthy.
Armour
 d - the +2 pair of gloves of Honour (worn) {MR+ Int+3}
   (You found it on level 2 of the Lair of Beasts)

   It affects your intelligence (+3).
   It affects your resistance to hostile enchantments.
 e - a +1 leather armour of poison resistance (worn)
 l - a +0 pair of boots of running (worn)
 F - a +1 helmet (worn)
 O - a +2 cloak of cold resistance (worn)
 U - a +0 shield (worn)
Jewellery
 n - an uncursed ring of fire
 w - a ring of protection from fire (left hand)
 B - a ring of protection from cold (right hand)
 V - the amulet "Jeaj" (around neck) {Faith Dex+2}
   (You found it on level 7 of the Dungeon)

   [amulet of faith]

   It allows you to gain divine favour quickly.
   It affects your dexterity (+2).
Wands
 y - a wand of iceblast (14)
 A - a wand of random effects (32)
 J - a wand of clouds (10)
 N - a wand of digging (4)
 T - a wand of scattershot (15)
Scrolls
 a - 3 scrolls of amnesia
 f - a scroll of holy word {unknown}
 h - 3 scrolls of identify
 i - 2 scrolls of enchant weapon
 k - 6 scrolls of teleportation
 r - 12 scrolls of remove curse
 t - a scroll of fear
 G - 2 scrolls of magic mapping
 L - 4 scrolls of fog
Potions
 j - 5 potions of might
 m - 4 potions of ambrosia
 q - a potion of berserk rage {unknown}
 s - 4 potions of agility
 v - a potion of magic
 C - 3 potions of flight
 I - a potion of invisibility
 K - 7 potions of curing
 M - a potion of resistance {unknown}
 P - 3 potions of haste
Miscellaneous
 b - 2 boxes of beasts
 g - a crystal ball of energy
 p - a lamp of fire
 x - a lightning rod (3/4)
Comestibles
 c - 51 rations
 o - 10 chunks of flesh


   Skills:
 + Level 9.0 Fighting
 - Level 11.0(11.4) Maces & Flails
   Level 5.0(8.8) Staves
 + Level 9.0 Armour
 - Level 6.0 Dodging
 - Level 2.0 Stealth
 - Level 10.0 Shields
 - Level 8.0 Spellcasting
 - Level 8.0 Conjurations
 - Level 3.0 Charms
 - Level 14.0 Necromancy
 - Level 5.0 Evocations


You had 9 spell levels left.
You knew the following spells:

 Your Spells              Type           Power        Failure   Level  Hunger
a - Pain                  Necr           ####         1%          1    None
b - Vampiric Draining     Necr           #######...   1%          3    None
c - Regeneration          Chrm/Necr      ######....   1%          3    None
d - Agony                 Necr           #######.     1%          5    ####...
e - Dispel Undead         Necr           #######.     1%          5    ####...
f - Bolt of Draining      Conj/Necr      ######....   3%          5    ####...

Your spell library contained the following spells:

 Spells                   Type           Power        Failure   Level  Hunger
 Animate Skeleton         Necr           N/A          1%          1    None
 Magic Dart               Conj           ####         1%          1    None
 Corpse Rot               Necr           N/A          1%          2    None
 Searing Ray              Conj           ######       1%          2    None
 Sublimation of Blood     Necr           #######...   1%          2    None
 Animate Dead             Necr           N/A          1%          4    #......
 Iskenderun's Mystic Bla  Conj           ######..     3%          4    #......
 Conjure Flame            Conj/Fire      #####...     5%          3    None
 Dazzling Spray           Conj/Hex       #####.       5%          3    None
 Stone Arrow              Conj/Erth      #####.       5%          3    None
 Excruciating Wounds      Chrm/Necr      ######....   9%          5    ####...
 Apportation              Tloc           ##....       10%         1    None
 Confusing Touch          Hex            ##....       10%         1    None
 Corona                   Hex            ##.....      10%         1    None
 Sandblast                Erth           ##....       10%         1    None
 Summon Small Mammal      Summ           ##..         10%         1    None
 Mephitic Cloud           Conj/Pois/Air  ####....     10%         3    None
 Call Imp                 Summ           ##......     14%         2    None
 Ensorcelled Hibernation  Hex/Ice        ##....       14%         2    None
 Passwall                 Tmut/Erth      ##......     14%         2    None
 Poisonous Vapours        Pois/Air       ##....       14%         2    None
 Slow                     Hex            ##......     14%         2    None
 Force Lance              Conj/Tloc      #####...     19%         4    #......
 Fulminant Prism          Conj/Hex       #####.....   19%         4    #......
 Call Canine Familiar     Summ           ##......     28%         3    None
 Confuse                  Hex            ##......     28%         3    None
 Inner Flame              Hex/Fire       ##......     28%         3    None
 Portal Projectile        Hex/Tloc       ##....       28%         3    None
 Summon Guardian Golem    Hex/Summ       ##......     28%         3    None
 Tukima's Dance           Hex            ##......     28%         3    None
 Cause Fear               Hex            ##........   67%         4    #......
 Leda's Liquefaction      Hex/Erth       ##........   67%         4    #......
 Petrify                  Tmut/Erth      ##......     67%         4    #......
 Summon Ice Beast         Ice/Summ       ##......     67%         4    #......
 Summon Lightning Spire   Summ/Air       ##......     67%         4    #......
 Lee's Rapid Deconstruct  Erth           ##........   95%         5    ####...
 Freezing Cloud           Conj/Ice/Air   ####......   99%         6    ######.
 Ring of Flames           Chrm/Fire      ###.......   100%        7    #######


Dungeon Overview and Level Annotations

Branches:
Dungeon (15/15)            Temple (1/1) D:4            Lair (6/6) D:8
  Swamp (2/4) Lair:3       Spider (0/4) Lair:3        Slime (0/5) Lair:5
    Orc (2/2) D:9             Elf (0/3) Orc:2        Vaults (0/5) D:14
 Depths (0/5) D:15

Shops:
D:7 *   Orc:2 (([%=(=*=

Portals:
Trove: D:10 (show slimy rune of Zot)

Annotations:
D:10 Easy Trove, Easy Life
Lair:4 exclusion: oklob plant
Orc:2 ArtiRing 690g, AC8 Ring 1980g, Wyrmbane 2585g


Innate Abilities, Weirdness & Mutations

You have an increased reservoir of magic. (+10% MP)


Message History

As you read the scroll of fear, it crumbles to dust.
You assume a fearsome visage.
The shambling mangrove is unaffected.
The hornet looks frightened!
The five-headed hydra looks frightened!
The tyrant leech looks frightened!
An insubstantial wisp comes into view.
Casting: Agony (safe; 1% risk of failure)
Confirm with . or Enter, or press ? or * to list all spells.
Aiming: Vampiric Draining (safe; 1% risk of failure)
Press: ? - help, Shift-Dir - straight line, f/p - shambling mangrove
Aim: a shambling mangrove You can't drain life from that!
Casting: Vampiric Draining (safe; 1% risk of failure)
Confirm with . or Enter, or press ? or * to list all spells.
Your skin crawls.
The insubstantial wisp gives a chilling moan.
* * * LOW MAGIC WARNING * * *
You feel sick.
The ground creaks as gnarled roots bulge its surface.
The shambling mangrove hits you!!
You die...

♣.≈ ♣.≈≈≈≈..≈.≈... ♣≈>
.≈≈≈≈v..≈≈≈≈≈ ♣♣.
♣.≈≈≈≈≈≈≈≈≈≈≈ ♣♣♣≈
♣.§≈§w..≈≈≈≈≈ ♣♣..≈
♣≈.....y≈≈≈.♣♣♣♣♣≈.♣♣
♣D.=.≈≈♣...≈♣≈...≈♣ ≈≈
♣≈.f)♣♣≈.≈.≈≈≈..≈.♣ ≈.♣
♣..@..♣..≈.≈≈≈.≈≈♣♣♣
.≈≈♣♣♣♣♣≈.≈≈.♣..♣.≈§....≈≈≈
♣≈≈≈≈...≈.≈≈≈≈≈≈≈.≈≈≈≈..≈≈≈
♣♣≈≈≈≈...≈≈≈≈≈≈≈≈≈≈≈≈≈.≈≈≈≈
♣........≈≈≈≈≈≈≈≈...≈.§≈≈≈.
.♣♣♣≈....≈≈≈≈...♣♣.≈≈≈≈§..
♣♣≈........≈♣♣≈.≈≈.≈..♣
♣.....≈♣♣♣♣♣≈....≈♣♣♣♣
♣.≈≈..§♣ ♣≈..♣≈♣♣


You could see a shambling mangrove, a five-headed hydra (fleeing), a tyrant
leech (fleeing), a hornet (fleeing) and an insubstantial wisp.

Vanquished Creatures
  Kirke (D:12)
  2 orc warlords
  The ghost of Qysoarac the Unseen, an adept HuWn of Okawaru (Swamp:2)
  Louise (D:14)
  A stone giant (Orc:1)
  2 dire elephants (Lair:6)
  A white draconian (IceCv)
  8 vault guards (D:14)
  10 hydras
  Erolcha (D:11)
  A catoblepas (Lair:6)
  2 death knights (D:15)
  8 two-headed ogres
  6 alligators
  7 death yaks (Lair:6)
  An ogre mage (D:15)
  The ghost of Flure the Grappler, a journeyman VSMo of Zin (Lair:2)
  4 orc high priests
  Sonja (Lair:4)
  3 spriggans
  5 slime creatures
  A fire crab (Lair:6)
  The ghost of Toogi the Shield-Bearer, a novice FoCK of Xom (D:7)
  A spriggan druid (Swamp:2)
  2 swamp dragons (Swamp:1)
  An unseen horror (D:13)
  4 lindwurms (Lair:4)
  A necromancer (D:15)
  4 orc knights
  A wolf spider zombie (D:12)
  7 orc sorcerers
  4 ugly things
  3 cyclopes
  An oklob plant (Lair:2)
  2 manticores (Lair:6)
  2 ice statues (IceCv)
  4 gargoyles
  9 black mambas
  10 elephants
  5 centaur zombies
  A naga mage (D:15)
  Psyche (D:12)
  15 spiny frogs
  2 torpor snails (Lair:6)
  8 rime drakes
  A freezing wraith (D:15)
  3 meliai (D:13)
  21 polar bears
  8 komodo dragons
  2 jumping spiders (Lair:3)
  5 trolls
  8 tyrant leeches
  3 hornets
  A harpy skeleton (D:15)
  8 blink frogs
  6 dream sheep (Lair:6)
  14 hippogriffs
  2 bog bodies (Swamp:1)
  A raiju (Lair:6)
  A redback (Lair:3)
  A shadow (Swamp:1)
  A wraith (D:14)
  11 wyverns
  2 centaur simulacra (D:15)
  61 yaks
  A hog (D:12)
  7 basilisks
  A steam dragon (D:10)
  2 hungry ghosts (D:10)
  8 vampire mosquitoes
  8 wargs
  3 swamp worms
  25 water moccasins
  2 soldier ants (D:12)
  14 hell hounds (Lair:6)
  7 porcupines
  14 ice beasts
  4 sky beasts
  14 black bears
  39 orc warriors
  5 swamp drakes
  13 centaurs
  18 ogres
  32 wolves
  3 phantoms
  10 crocodiles
  2 big kobolds
  Blork the orc (D:6)
  17 bullfrogs
  2 gnoll sergeants (D:9)
  A wyvern skeleton (D:9)
  6 scorpions
  4 wights (D:7)
  12 electric eels
  A howler monkey (D:5)
  5 crimson imps
  7 hounds
  3 jellies (Lair:5)
  23 orc priests
  25 orc wizards
  3 bullfrog skeletons
  4 centaur skeletons
  3 iguanas
  9 worker ants
  A worker ant zombie (D:6)
  A howler monkey zombie (D:5)
  5 gnolls (D:9)
  23 adders
  A shadow imp (D:5)
  4 oozes
  An adder skeleton (D:5)
  A worm (D:3)
  3 dart slugs
  5 leopard geckos
  118 orcs
  4 giant cockroaches
  12 goblins
  8 hobgoblins
  15 jackals
  7 quokkas
  A ball python (D:7)
  A ball python skeleton (D:4)
  16 bats
  4 frilled lizards
  12 kobolds
  5 rats
  A butterfly (Lair:3)
924 creatures vanquished.

Vanquished Creatures (collateral kills)
  2 orcs (Orc:2)
2 creatures vanquished.

Vanquished Creatures (others)
  A phantom (D:10)
  A wolf (Lair:6)
  An orc wizard (Orc:1)
  An adder (D:12)
  2 orcs
  9 fungi
  11 plants
26 creatures vanquished.

Grand Total: 952 creatures vanquished

Notes
Turn   | Place    | Note
-------+----------+-------------------------------------------
     0 | D:1      | Tragic the Demigod Necromancer began the quest for the Orb.
     0 | D:1      | Reached XP level 1. HP: 14/14 MP: 5/5
   290 | D:1      | Learned a level 1 spell: Animate Skeleton
   411 | D:1      | HP: 1/14 [ooze (1)]
   425 | D:1      | Reached skill level 2 in Spellcasting
   778 | D:1      | Reached skill level 2 in Stealth
   778 | D:1      | Reached XP level 2. HP: 20/20 MP: 5/7
   786 | D:1      | Reached skill level 2 in Dodging
  1264 | D:2      | Reached XP level 3. HP: 27/27 MP: 5/9
  1271 | D:2      | Learned a level 3 spell: Vampiric Draining
  1329 | D:2      | Found a sacrificial altar of Ru.
  1373 | D:2      | Reached skill level 1 in Fighting
  1535 | D:2      | Reached skill level 4 in Necromancy
  1822 | D:2      | Reached XP level 4. HP: 29/35 MP: 5/11
  1987 | D:3      | Learned a level 3 spell: Regeneration
  2036 | D:3      | HP: 3/35 [orc/whip (1)]
  2037 | D:3      | Reached skill level 3 in Spellcasting
  2230 | D:3      | Found a sparkling altar of Nemelex Xobeh.
  2354 | D:3      | Reached skill level 2 in Fighting
  2354 | D:3      | Reached skill level 1 in Staves
  2840 | D:4      | Found a staircase to the Ecumenical Temple.
  2845 | Temple   | Entered the Ecumenical Temple
  3107 | D:4      | Reached XP level 5. HP: 32/42 MP: 2/12
  3281 | D:4      | Noticed an ogre
  3289 | D:4      | Killed an ogre
  3289 | D:4      | Reached skill level 2 in Staves
  3334 | D:4      | HP: 1/44 [hound (6)]
  3338 | D:4      | Reached skill level 3 in Fighting
  3338 | D:4      | Reached XP level 6. HP: 12/51 MP: 14/14
  3876 | D:5      | Entered Level 5 of the Dungeon
  3985 | D:5      | Reached skill level 3 in Staves
  3985 | D:5      | Reached skill level 4 in Spellcasting
  4099 | D:5      | HP: 5/51 [something (5)]
  4112 | D:5      | Reached XP level 7. HP: 17/57 MP: 0/17
  4215 | D:5      | Reached skill level 4 in Staves
  4328 | D:5      | Got a bronze scale mail
  4332 | D:5      | Identified the +5 scale mail of Kotwierch {+Inv Int+2} (You
                  | found it on level 5 of the Dungeon)
  4475 | D:5      | Reached skill level 1 in Armour
  4752 | D:6      | Reached skill level 5 in Spellcasting
  5041 | D:6      | Reached skill level 2 in Armour
  5202 | D:6      | Reached skill level 5 in Staves
  5202 | D:6      | Reached XP level 8. HP: 41/63 MP: 15/19
  5410 | D:6      | Noticed Blork the orc
  5420 | D:6      | Killed Blork the orc
  5420 | D:6      | Reached skill level 3 in Armour
  5672 | D:7      | Found Piysuv's General Store.
  5679 | D:7      | Bought a scroll of teleportation for 45 gold pieces
  5679 | D:7      | Bought a scroll of fog for 30 gold pieces
  5940 | D:7      | Found a white marble altar of Elyvilon.
  5975 | D:7      | Reached skill level 5 in Necromancy
  6021 | D:7      | Found an ornate altar of the Wu Jian Council.
  6021 | D:7      | Found an opulent altar of Gozag.
  6290 | D:7      | Reached skill level 4 in Fighting
  6292 | D:7      | Noticed a hippogriff
  6307 | D:7      | Killed a hippogriff
  6307 | D:7      | Reached skill level 1 in Charms
  6475 | D:7      | Found an ancient bone altar of Kikubaaqudgha.
  6479 | D:7      | Got a steaming mace
  6504 | D:7      | Identified the +10 mace of the Mouth {protect, rN+ Int+6
                  | Dex+5 Stlth-} (You found it on level 7 of the Dungeon)
  6745 | D:7      | Found a runed door.
  6745 | D:7      | Noticed Toogi's ghost (novice FoCK)
  6865 | D:8      | Reached skill level 5 in Fighting
  6912 | D:8      | Reached skill level 1 in Maces & Flails
  6912 | D:8      | Reached skill level 2 in Charms
  6920 | D:8      | Reached XP level 9. HP: 74/74 MP: 20/20
  6930 | D:8      | Reached skill level 1 in Shields
  6945 | D:8      | Reached skill level 4 in Armour
  7155 | D:8      | Found a deep blue altar of Sif Muna.
  7238 | D:8      | Found a staircase to the Lair.
  7401 | D:8      | Reached skill level 2 in Maces & Flails
  7401 | D:8      | Reached skill level 2 in Shields
  7428 | D:9      | Reached skill level 3 in Charms
  7428 | D:9      | Reached skill level 6 in Necromancy
  7662 | D:9      | Reached skill level 3 in Maces & Flails
  7731 | D:9      | Reached skill level 3 in Shields
  7770 | D:9      | Found a glowing silver altar of Zin.
  8005 | D:9      | Reached skill level 5 in Armour
  8184 | D:9      | Reached skill level 4 in Shields
  8184 | D:9      | Reached XP level 10. HP: 38/81 MP: 7/21
  8186 | D:9      | Found a staircase to the Orcish Mines.
  8345 | D:9      | Reached skill level 7 in Necromancy
  8519 | D:7      | Killed Toogi's ghost
  8524 | D:7      | Got a warped bone amulet
  8560 | D:8      | Identified the amulet "Jeaj" {Faith Dex+2} (You found it on
                  | level 7 of the Dungeon)
  8609 | D:10     | Entered Level 10 of the Dungeon
  8680 | D:10     | Reached skill level 5 in Shields
  8832 | D:10     | Reached skill level 8 in Necromancy
  8902 | D:10     | Noticed a two-headed ogre
  8961 | D:10     | Killed a two-headed ogre
  8961 | D:10     | Reached skill level 4 in Maces & Flails
  9130 | D:10     | Found a portal to a secret trove of treasure.
  9390 | D:10     | Found a runed door.
  9550 | D:10     | Reached skill level 5 in Maces & Flails
  9828 | Lair:1   | Entered Level 1 of the Lair of Beasts
 10139 | Lair:1   | Noticed a black mamba
 10149 | Lair:1   | Killed a black mamba
 10198 | Lair:1   | Reached skill level 6 in Shields
 10210 | Lair:1   | Reached XP level 11. HP: 72/89 MP: 7/23
 10238 | Lair:1   | Reached skill level 6 in Maces & Flails
 10245 | Lair:1   | Reached skill level 6 in Fighting
 10261 | Lair:1   | Reached skill level 6 in Spellcasting
 11014 | Lair:2   | Reached skill level 7 in Maces & Flails
 11222 | Lair:2   | Noticed a six-headed hydra
 11229 | Lair:2   | Killed a six-headed hydra
 11229 | Lair:2   | Reached skill level 7 in Shields
 11284 | Lair:2   | Reached skill level 8 in Maces & Flails
 11658 | Lair:2   | Found a large runed door.
 11658 | Lair:2   | Found a large runed door.
 11659 | Lair:2   | Noticed Flure's ghost (journeyman VSMo)
 11729 | Lair:2   | Noticed a seven-headed hydra
 11739 | Lair:2   | Killed a seven-headed hydra
 11994 | Lair:2   | Killed Flure's ghost
 12001 | Lair:2   | Got a pair of encrusted gloves
 12004 | Lair:2   | Identified the +2 pair of gloves of Honour {MR+ Int+3} (You
                  | found it on level 2 of the Lair of Beasts)
 12210 | D:7      | Bought a scroll of acquirement for 780 gold pieces
 12239 | D:7      | Identified a +0 pair of boots of running (You acquired it
                  | on level 7 of the Dungeon)
 12402 | Lair:3   | Reached skill level 9 in Maces & Flails
 12419 | Lair:3   | Reached XP level 12. HP: 64/96 MP: 13/25
 12465 | Lair:3   | Noticed a six-headed hydra
 12467 | Lair:3   | Reached skill level 6 in Armour
 12492 | Lair:3   | Killed a six-headed hydra
 12492 | Lair:3   | Reached skill level 8 in Shields
 12552 | Lair:3   | Reached skill level 9 in Necromancy
 12647 | Lair:3   | Found a hole to the Spider Nest.
 12788 | Lair:3   | Got a warped quarterstaff
 12789 | Lair:3   | Identified the +7 quarterstaff of the Shining Light {drain,
                  | rN++ MR+ Dex-3} (You found it on level 3 of the Lair of
                  | Beasts)
 12824 | Lair:3   | Reached skill level 3 in Dodging
 12935 | Lair:3   | Found a staircase to the Swamp.
 13152 | Lair:4   | Got a twisted robe
 13155 | Lair:4   | Identified the +1 robe of the Tuna {rC+ Str+5} (You found
                  | it on level 4 of the Lair of Beasts)
 13352 | Lair:4   | Noticed Sonja
 13355 | Lair:4   | Killed Sonja
 13355 | Lair:4   | Reached skill level 4 in Dodging
 13716 | Lair:4   | Learned a level 5 spell: Agony
 13722 | Lair:4   | Learned a level 5 spell: Dispel Undead
 13728 | Lair:4   | Learned a level 5 spell: Bolt of Draining
 13752 | Lair:4   | Noticed an eight-headed hydra
 13765 | Lair:4   | Killed an eight-headed hydra
 13775 | Lair:4   | Reached skill level 1 in Conjurations
 13813 | Lair:4   | Reached skill level 5 in Dodging
 13818 | Lair:4   | Reached skill level 10 in Necromancy
 13838 | Lair:4   | Noticed a four-headed hydra
 13852 | Lair:4   | Killed a four-headed hydra
 13852 | Lair:4   | Reached skill level 2 in Conjurations
 13858 | Lair:4   | Noticed a four-headed hydra
 13873 | Lair:4   | Killed a four-headed hydra
 13914 | Lair:4   | Reached skill level 3 in Conjurations
 14513 | Lair:4   | Reached skill level 7 in Armour
 14531 | Lair:4   | Reached XP level 13. HP: 61/102 MP: 26/26
 14559 | Lair:4   | Got a tattered robe
 14600 | Lair:4   | Identified the +2 robe of Tos Wyer {rF+ Int+4} (You found
                  | it on level 4 of the Lair of Beasts)
 14738 | Lair:5   | Found a staircase to the Slime Pits.
 14889 | Lair:5   | Reached skill level 4 in Conjurations
 15363 | Lair:6   | Entered Level 6 of the Lair of Beasts
 15570 | Lair:6   | Reached skill level 11 in Necromancy
 15623 | Lair:6   | Reached skill level 5 in Conjurations
 15708 | Lair:6   | Reached skill level 9 in Shields
 16506 | Lair:6   | Reached skill level 10 in Shields
 16510 | Lair:6   | Reached skill level 12 in Necromancy
 17535 | Lair:6   | Noticed a dire elephant
 17567 | Lair:6   | Reached skill level 1 in Evocations
 17596 | Lair:6   | Killed a dire elephant
 17596 | Lair:6   | Reached XP level 14. HP: 58/110 MP: 15/27
 17843 | Lair:6   | Reached skill level 2 in Evocations
 17895 | Lair:6   | HP: 6/110 [black mamba (13)]
 17900 | Lair:6   | Reached skill level 6 in Dodging
 17900 | Lair:6   | Reached skill level 6 in Conjurations
 18295 | Orc:1    | Entered Level 1 of the Orcish Mines
 18449 | Orc:2    | Entered Level 2 of the Orcish Mines
 18449 | Orc:2    | Found Furuast's Antique Weapon Shop.
 18456 | Orc:2    | Bought a sapphire great sword for 310 gold pieces
 18655 | Orc:1    | Reached skill level 3 in Evocations
 18664 | Orc:1    | Reached skill level 8 in Armour
 18792 | Orc:1    | Noticed an orc warlord
 18824 | Orc:1    | Reached skill level 7 in Spellcasting
 18836 | Orc:1    | Killed an orc warlord
 19035 | Orc:1    | Found a transporter.
 19063 | Orc:1    | Found a roughly hewn altar of Beogh.
 19099 | Orc:1    | HP: 10/110 [sun demon[an orc high priest] (5)]
 19239 | Orc:1    | Reached skill level 4 in Evocations
 19312 | Orc:1    | Found a transporter.
 19460 | Orc:2    | Found Pontamue's Food Shop.
 19583 | Orc:2    | Found Gahyrayl's Antique Weapon Emporium.
 19605 | Orc:2    | Identified the +7 great sword of Hof Lazu {venom, rPois}
                  | (You bought it in a shop on level 2 of the Orcish Mines)
 19610 | Orc:2    | Found a staircase to the Elven Halls.
 19678 | Orc:2    | Found Wocuthru's Jewellery Shop.
 19728 | Orc:2    | Found Duuzan's Jewellery Shoppe.
 19949 | Orc:2    | Found a roughly hewn altar of Beogh.
 19960 | Orc:2    | Found Akhlog's Jewellery Shoppe.
 20021 | Orc:2    | Found a roughly hewn altar of Beogh.
 20057 | Orc:2    | Found a roughly hewn altar of Beogh.
 20058 | Orc:2    | Found Usoichye's Assorted Antiques.
 20200 | Orc:2    | Found a roughly hewn altar of Beogh.
 20241 | Orc:2    | Found a roughly hewn altar of Beogh.
 20276 | Orc:2    | Found a roughly hewn altar of Beogh.
 20384 | Orc:2    | Found a roughly hewn altar of Beogh.
 20519 | Orc:2    | Reached skill level 5 in Evocations
 20543 | Orc:2    | Noticed an orc warlord
 20823 | Orc:2    | Reached skill level 8 in Spellcasting
 20863 | Orc:2    | Killed an orc warlord
 21095 | Orc:2    | Found Lutanome's Antique Weapon Boutique.
 21111 | Orc:2    | Found a roughly hewn altar of Beogh.
 21114 | Orc:2    | Found Kett's Antique Armour Shop.
 21131 | Orc:2    | Bought a thick robe for 148 gold pieces
 21131 | Orc:2    | Bought a faintly glowing robe for 148 gold pieces
 21133 | Orc:2    | Identified the +1 robe of the Skies Above {Int+4} (You
                  | bought it in a shop on level 2 of the Orcish Mines)
 21134 | Orc:2    | Identified the cursed +0 robe "Piysam" {rN+++ Str+5 Dex-2}
                  | (You bought it in a shop on level 2 of the Orcish Mines)
 22037 | D:11     | Noticed Erolcha
 22040 | D:11     | Killed Erolcha
 22790 | D:12     | Noticed Psyche
 22812 | D:12     | Killed Psyche
 22904 | D:12     | Noticed Kirke
 22929 | D:12     | Noticed a sphinx
 22937 | D:12     | Killed Kirke
 24150 | D:13     | Reached skill level 10 in Maces & Flails
 24150 | D:13     | Reached XP level 15. HP: 60/117 MP: 21/31
 24357 | D:13     | Got a warped halberd
 24361 | D:13     | Identified the cursed +1 halberd of Kiru {distort, +Rage
                  | rC++ Str+2 Int+3} (You found it on level 13 of the Dungeon)
 24607 | D:14     | Noticed Louise
 24641 | D:14     | Reached skill level 7 in Fighting
 24798 | D:14     | Killed Louise
 24958 | D:14     | Found a frozen archway.
 24974 | IceCv    | Entered an ice cave
 25040 | IceCv    | Reached skill level 13 in Necromancy
 25780 | IceCv    | Reached skill level 7 in Conjurations
 26124 | D:14     | Found a gate to the Vaults.
 26627 | D:15     | Entered Level 15 of the Dungeon
 27156 | D:14     | Reached skill level 8 in Fighting
 27350 | D:15     | Found a staircase to the Depths.
 27484 | D:15     | HP: 12/121 [phantasmal warrior[a death knight] (24)]
 27842 | Swamp:1  | Entered Level 1 of the Swamp
 27914 | Swamp:1  | Reached skill level 14 in Necromancy
 27915 | Swamp:1  | Reached skill level 8 in Conjurations
 28129 | Swamp:1  | Reached skill level 11 in Maces & Flails
 29178 | Swamp:2  | Found a runed door.
 29179 | Swamp:2  | Noticed Qysoarac's ghost (adept HuWn)
 29232 | Swamp:2  | Killed Qysoarac's ghost
 29610 | Swamp:2  | Reached XP level 16. HP: 130/130 MP: 17/32
 29677 | Swamp:2  | Reached skill level 9 in Fighting
 29677 | Swamp:2  | Reached skill level 9 in Armour
 29851 | Swamp:2  | Paralysed by a hornet for 2 turns
 29854 | Swamp:2  | HP: 7/132 [shambling mangrove (7)]
 29856 | Swamp:2  | Annihilated by a shambling mangrove

Skill      XL: |  1  2  3  4  5  6  7  8  9 10 11 12 13 14 15 16 |
---------------+-------------------------------------------------+-----
Spellcasting   | 2 3 4 5 6 8 |  8.0
Stealth        | 2 |  2.0
Dodging        | 2 5 6 |  6.0
Fighting       | 1 2 3 5 6 8 9 |  9.0
Necromancy     | 4 5 6 8 10 12 14 | 14.0
Staves         | 1 2 3 5 |  5.0
Armour         | 2 3 5 7 8 9 |  9.0
Charms         | 2 3 |  3.0
Maces & Flails | 1 3 5 9 10 11 | 11.0
Shields        | 4 6 7 8 10 | 10.0
Conjurations   | 3 5 6 8 |  8.0
Evocations     | 1 5 |  5.0

Action                   |  1- 3 |  4- 6 |  7- 9 | 10-12 | 13-15 | 16-18 || total
-------------------------+-------+-------+-------+-------+-------+-------++-------
Melee: Unarmed           |     4 |       |       |       |       |       ||     4
       Mace              |    28 |       |   203 |   877 |  3046 |    29 ||  4183
       Quarterstaff      |       |    97 |   258 |       |       |       ||   355
 Fire: Shortbow          |       |       |    21 |       |       |       ||    21
 Cast: Pain              |    71 |    94 |    92 |    13 |     3 |       ||   273
       Vampiric Draining |     3 |    23 |    11 |    56 |   103 |       ||   196
       Regeneration      |       |     3 |    15 |    38 |   124 |     3 ||   183
       Agony             |       |       |       |       |    38 |     9 ||    47
       Bolt of Draining  |       |       |       |       |    46 |     3 ||    49
       Dispel Undead     |       |       |       |       |     3 |       ||     3
 Abil: Evoke Flight      |       |       |       |     1 |       |       ||     1
Evoke: Wand              |       |       |       |    15 |    36 |       ||    51
       Lightning rod     |       |       |       |       |    14 |       ||    14
       Box of beasts     |       |       |       |       |     4 |       ||     4
  Use: Potion            |       |     2 |       |       |     6 |       ||     8
       Scroll            |       |       |    12 |    17 |    11 |     2 ||    42
 Stab: Sleeping          |     1 |     1 |       |       |       |       ||     2
       Petrified         |       |       |       |       |     9 |       ||     9
       Confused          |       |       |       |       |     1 |       ||     1
       Petrifying        |       |       |       |       |     1 |       ||     1
  Eat: Chunk             |     3 |    10 |    14 |    17 |    71 |     3 ||   118
       Ration            |       |       |       |     3 |     2 |       ||     5
Armor: Robe              |     7 |    25 |       |       |       |       ||    32
       Scale mail        |       |       |   274 |   554 |  1408 |       ||  2236
       Leather armour    |       |       |       |       |    69 |    19 ||    88
Dodge: Dodged            |    41 |   103 |   195 |   338 |  1478 |    14 ||  2169
Block: Buckler           |       |       |    52 |    59 |       |       ||   111
       Shield            |       |       |       |   436 |  2134 |    21 ||  2591
